 Dungeon Crawl Stone Soup version 0.21.1-1-g345015fe64 (webtiles) character file.

4597 Naru the Cleaver (level 10, -18/90 HPs)
             Began as a Hill Orc Fighter on June 22, 2018.
             Was a Believer of Beogh.
             Demolished by an orc warrior
             ... wielding a +0 trident
              (22 damage)
             ... on level 9 of the Dungeon.
             The game lasted 00:19:36 (10125 turns).

Naru the Cleaver (Hill Orc Fighter)                Turns: 10125, Time: 00:19:36

Health: -18/90     AC:  9    Str: 20    XL:     10   Next: 41%
Magic:  10/10      EV: 10    Int: 16    God:    Beogh [**....]
Gold:   614        SH: 10    Dex: 10    Spells: 9/9 levels left

rFire    . . .     SeeInvis .   a - +0 war axe
rCold    + + +     Gourm    .   c - +0 shield
rNeg     . . .     Faith    .   E - +1 ring mail "Othejezu" {*Slow rC+++ Int+5}
rPois    .         Spirit   .   j - +0 helmet
rElec    .         Reflect  .   I - scarf {repulsion}
rCorr    .         Harm     .   e - +0 pair of gloves
MR       .....                  (no boots)
Stlth    +.........             (no amulet)
HPRegen  0.25/turn              m - ring of wizardry
MPRegen  0.12/turn              (no ring)

@: very slightly contaminated, repel missiles
A: no striking features
a: Smiting, Renounce Religion


You were on level 9 of the Dungeon.
You worshipped Beogh.
Beogh was pleased with you.
You were not hungry.

You visited 1 branch of the dungeon, and saw 9 of its levels.
You also visited: Sewer.

You collected 614 gold pieces.

Inventory:

Hand Weapons
 a - a +0 war axe (weapon)
 y - a +2 vampiric spear
Missiles
 z - 7 tomahawks (quivered)
Armour
 c - a +0 shield (worn)
 e - a +0 pair of gloves (worn)
 j - a +0 helmet (worn)
 E - the +1 ring mail "Othejezu" (worn) {*Slow rC+++ Int+5}
   (You found it on level 6 of the Dungeon)

   It affects your intelligence (+5).
   It renders you almost immune to cold.
   It may slow you when you take damage.
 I - a scarf of repulsion (worn)
Jewellery
 m - a ring of wizardry (left hand)
Wands
 n - a wand of disintegration (7)
 u - a wand of iceblast (3)
 x - a wand of flame (10)
 K - a wand of polymorph (19)
Scrolls
 g - 5 scrolls of identify
 i - a scroll of blinking
 k - 5 scrolls of remove curse
 l - 8 scrolls of teleportation {unknown}
 r - 2 scrolls of fear {unknown}
 s - a scroll of fog {unknown}
 v - 2 scrolls of random uselessness {unknown}
 w - a scroll of enchant armour {unknown}
 A - 3 scrolls of noise {unknown}
 B - a scroll of magic mapping {unknown}
 H - a scroll of immolation {unknown}
 J - a scroll of acquirement {unknown}
Potions
 b - 3 potions of curing
 d - 2 potions of berserk rage {unknown}
 h - 2 potions of lignification
 o - 3 potions of haste
 p - 5 potions of flight {unknown}
 q - 2 potions of invisibility {unknown}
 t - a potion of agility {unknown}
 F - a potion of degeneration {unknown}
 N - a potion of resistance {unknown}
Books
 C - a book of Frost

   Spells                             Type                      Level
   a - Freeze                         Ice                          1
   b - Throw Frost                    Conjuration/Ice              2
   c - Ozocubu's Armour               Charms/Ice                   3
   d - Throw Icicle                   Conjuration/Ice              4
   e - Summon Ice Beast               Ice/Summoning                4
 D - a book of Necromancy

   Spells                             Type                      Level
   a - Pain                           Necromancy                   1
   b - Animate Skeleton               Necromancy                   1
   c - Vampiric Draining              Necromancy                   3
   d - Regeneration                   Charms/Necromancy            3
   e - Animate Dead                   Necromancy                   4
   f - Borgnjor's Vile Clutch         Necromancy/Earth             5
 G - a book of Enchantments

   Spells                             Type                      Level
   a - Cause Fear                     Hexes                        4
   b - Yara's Violent Unravelling     Hexes/Transmutation          5
   c - Silence                        Hexes/Air                    5
   d - Deflect Missiles               Charms/Air                   6
   e - Discord                        Hexes                        8
 L - a book of Changes

   Spells                             Type                      Level
   a - Beastly Appendage              Transmutation                1
   b - Sticks to Snakes               Transmutation                2
   c - Spider Form                    Transmutation/Poison         3
   d - Ice Form                       Ice/Transmutation            4
   e - Blade Hands                    Transmutation                5
Comestibles
 f - 8 rations


   Skills:
 * Level 8.9 Fighting
 * Level 13.6 Axes
 + Level 6.0 Armour
 + Level 2.7 Dodging
 - Level 1.0 Stealth
 + Level 6.2 Shields
 * Level 1.2 Invocations
 - Level 0.2 Evocations


You had 9 spell levels left.
You didn't know any spells.

Dungeon Overview and Level Annotations

Branches:
Dungeon (9/15)             Temple (0/1) D:7
   Lair: D:8-11         Orc: D:9-12

Altars:
Ashenzari
Elyvilon
Fedhas
Gozag
Kikubaaqudgha
Nemelex Xobeh
Trog
Wu Jian
Xom
The Shining One

Shops:
D:6 %


Message History

Press: ? - help, Dir - move target cursor You are very lightly contaminated with residual magic.
As you read the scroll labeled XUOVVY YTAVI, it crumbles to dust.
It was a scroll of blinking.
The quokka twitches its whiskers.
The quokka closely misses you. The quokka barely misses you.
You hit the quokka.
The quokka is severely wounded.
The quokka bites you but does no damage.
You closely miss the quokka.
The quokka is severely wounded.
You block the quokka's attack.
You hit the quokka.
You kill the quokka!
Beogh accepts your kill.
You slash the ogre! You block the ogre's attack.
The orc warrior hits you with a trident!!
You die...
Beogh appreciates the orc warrior's killing of a heretic priest.

#..o##...#...........
#.O§.....#............
....'........#............
...##...##...##........... .
#...##...##...........
#...#.....#...##......
#...##....#...##......
##...##o...#...........
#....'@O...#...........
########...#.....#...........
#.....##...#########'##......
#.....####'#.....>....#......
#.....#...............#......
#.....'...............#......
#.....#...............#.....)
#.....#...............#<.....
#.....#.....#####.....#......


You could see an orc warrior and an ogre.

Vanquished Creatures
  The ghost of Brecoman the Geomancer, a novice GrEE of Cheibriados (D:8)
  A hippogriff (D:7)
  A human (D:7)
  A wyvern (D:8)
  4 hogs (D:7)
  A water moccasin (D:9)
  Duvessa (D:5)
  Purgy (D:3)
  2 sky beasts
  A phantom (D:4)
  4 ogres
  2 centaurs (D:5)
  A big kobold (D:9)
  7 bullfrogs
  The ghost of SciVoid the Grave Robber, an amateur FeNe (D:6)
  Dowan (D:5)
  A wyvern skeleton (D:9)
  3 scorpions
  A howler monkey (D:6)
  5 crimson imps
  6 hounds
  A jelly (D:8)
  2 centaur skeletons
  2 orc priests
  2 iguanas
  7 orc wizards
  A bullfrog skeleton (D:4)
  Ijyb (D:3)
  5 worker ants
  A hound skeleton (D:5)
  A howler monkey zombie (D:6)
  A worker ant zombie (D:8)
  Robin (D:2)
  3 gnolls (D:4)
  6 adders
  A river rat (D:3)
  3 shadow imps
  An adder zombie (D:5)
  3 worms
  2 dart slugs
  11 leopard geckos
  15 orcs
  7 giant cockroaches
  19 goblins
  6 hobgoblins
  11 jackals
  13 kobolds
  4 quokkas
  6 ball pythons
  12 bats
  8 frilled lizards
  15 rats
  A fungus (D:1)
  A plant (D:3)
219 creatures vanquished.

Vanquished Creatures (others)
  A sky beast (D:9)
  An orc priest (D:3)
  2 shadow imps (D:3)
4 creatures vanquished.

Grand Total: 223 creatures vanquished

Notes
Turn   | Place    | Note
-------+----------+-------------------------------------------
     0 | D:1      | Naru the Hill Orc Fighter began the quest for the Orb.
     0 | D:1      | Reached XP level 1. HP: 19/19 MP: 1/1
    56 | D:1      | Reached skill level 3 in Axes
   102 | D:1      | Reached XP level 2. HP: 27/27 MP: 2/2
   905 | D:2      | Reached XP level 3. HP: 33/33 MP: 3/3
  1233 | D:2      | Reached skill level 4 in Axes
  1277 | D:2      | Noticed Robin
  1286 | D:2      | Killed Robin
  1286 | D:2      | Reached XP level 4. HP: 33/40 MP: 4/4
  1871 | D:3      | Found a transporter.
  1933 | D:3      | Reached skill level 5 in Axes
  1933 | D:3      | Reached XP level 5. HP: 31/47 MP: 5/5
  1951 | D:3      | Found a glowing drain.
  1991 | Sewer    | Entered a sewer
  2588 | D:3      | Noticed Purgy
  2604 | D:3      | Killed Purgy
  2604 | D:3      | Reached skill level 6 in Axes
  2604 | D:3      | Reached XP level 6. HP: 52/55 MP: 6/6
  2776 | D:3      | Noticed Ijyb
  2789 | D:3      | Killed Ijyb
  3012 | D:3      | Found a transporter.
  3066 | D:3      | Became a worshipper of Beogh the Brigand
  3447 | D:4      | Reached skill level 5 in Fighting
  3804 | D:4      | Found a blossoming altar of Fedhas.
  4055 | D:4      | Reached skill level 7 in Axes
  4082 | D:4      | Reached skill level 1 in Dodging
  4160 | D:4      | Reached XP level 7. HP: 57/61 MP: 7/7
  4494 | D:5      | Entered Level 5 of the Dungeon
  4621 | D:5      | Reached skill level 8 in Axes
  4947 | D:5      | Noticed Duvessa
  4947 | D:5      | Noticed Dowan
  4970 | D:5      | Killed Duvessa
  4970 | D:5      | Reached skill level 9 in Axes
  4970 | D:5      | Reached XP level 8. HP: 65/70 MP: 8/8
  4982 | D:5      | Killed Dowan
  5900 | D:6      | Reached skill level 10 in Axes
  5972 | D:6      | Reached skill level 5 in Armour
  5988 | D:6      | Got a dazzling ring mail
  6015 | D:6      | Identified the cursed +1 ring mail "Othejezu" {*Slow rC+++ Int+5} (You found it on level 6 of the Dungeon)
  6040 | D:6      | Reached skill level 5 in Shields
  6134 | D:6      | Noticed SciVoid's ghost (amateur FeNe)
  6150 | D:6      | Reached * piety under Beogh
  6154 | D:6      | Killed SciVoid's ghost
  6333 | D:6      | Found a glowing golden altar of the Shining One.
  6333 | D:6      | Found an ancient bone altar of Kikubaaqudgha.
  6334 | D:6      | Found a shimmering altar of Xom.
  6509 | D:6      | Reached XP level 9. HP: 75/79 MP: 9/9
  6606 | D:6      | Reached skill level 11 in Axes
  6659 | D:6      | Found Zajeos's Food Boutique.
  7112 | D:7      | Reached skill level 12 in Axes
  7353 | D:7      | Found a staircase to the Ecumenical Temple.
  7495 | D:7      | Reached ** piety under Beogh
  8020 | D:7      | Found a white marble altar of Elyvilon.
  8020 | D:7      | Found an ornate altar of the Wu Jian Council.
  8175 | D:8      | Noticed Brecoman's ghost (novice GrEE)
  8198 | D:8      | Reached XP level 10. HP: 49/88 MP: 10/10
  8203 | D:8      | Killed Brecoman's ghost
  8203 | D:8      | Reached skill level 13 in Axes
  8507 | D:8      | Found an opulent altar of Gozag.
  8507 | D:8      | Found a sparkling altar of Nemelex Xobeh.
  8864 | D:8      | Noticed a moth of wrath
  8867 | D:8      | Found a bloodstained altar of Trog.
  9494 | D:8      | Found a shattered altar of Ashenzari.
  9747 | D:9      | Reached skill level 1 in Stealth
  9789 | D:9      | Found a white marble altar of Elyvilon.
 10007 | D:9      | Reached skill level 1 in Invocations
 10112 | D:9      | HP: 1/90 [ogre/giant club (10)]
 10125 | D:9      | Demolished by an orc warrior

Skill      XL: |  1  2  3  4  5  6  7  8  9 10 |
---------------+-------------------------------+-----
Axes           | 3 4 5 6 7 9 10 12 13 | 13.6
Fighting       | 4 5 7 8 |  8.9
Shields        | 4 5 6 |  6.2
Dodging        | 1 2 |  2.7
Armour         | 4 5 6 |  6.0
Stealth        | 1 |  1.0
Invocations    | 1 |  1.2
Evocations     | |  0.2

Action                   |  1- 3 |  4- 6 |  7- 9 | 10-12 || total
-------------------------+-------+-------+-------+-------++-------
Melee: War axe           |   147 |   241 |   433 |   136 ||   957
Invok: Convert to Beogh  |       |     1 |       |       ||     1
Evoke: Wand              |       |     1 |     4 |       ||     5
  Use: Potion            |       |     3 |     1 |     3 ||     7
       Scroll            |       |       |     2 |     2 ||     4
  Eat: Chunk             |     2 |     6 |     3 |       ||    11
       Ration            |       |     1 |     4 |     1 ||     6
Armor: Scale mail        |    13 |       |       |       ||    13
       Chain mail        |    76 |   165 |    96 |       ||   337
       Ring mail         |       |       |    79 |    42 ||   121
Dodge: Dodged            |    33 |    63 |    90 |    33 ||   219
       Deflected         |       |       |     1 |     2 ||     3
Block: Shield            |   100 |   151 |   192 |    64 ||   507
